 Dungeon Crawl Stone Soup version 0.21-a0-404-g291f19a (webtiles) character file.

94139 Monsterracer the Blocker (level 16, -10/127 HPs)
             Began as a Gnoll Fighter on Oct 29, 2017.
             Was a High Priest of Trog.
             Killed by divine providence
             ... invoked by a meliai
              (14 damage)
             ... on level 15 of the Dungeon.
             The game lasted 00:38:02 (20376 turns).

Monsterracer the Blocker (Gnoll Fighter)           Turns: 20376, Time: 00:38:03

Health: -10/127    AC: 22    Str: 36    XL:     16   Next: 10%
Magic:  27/27      EV: 17    Int: 10    God:    Trog [*****.]
Gold:   718        SH: 15    Dex: 16    Spells: 35/35 levels left

rFire    + . .     SeeInvis .   b - +5 war axe (freeze)
rCold    . . .     Gourm    .   c - +0 shield
rNeg     . . .     Faith    .   q - +6 scale mail "Sikkaam" {rElec rCorr Slay+5}
rPois    .         Spirit   .   l - +0 hat
rElec    +         Reflect  .   A - +1 cloak
rCorr    +         Harm     .   J - +0 pair of gloves
MR       +....                  S - +2 pair of boots of the Scribe {Str+6 Dex+4}
Stlth    +++.......             y - amulet of regeneration
HPRegen  0.71/turn              m - ring of protection from fire {!d}
MPRegen  0.20/turn              H - +5 ring of strength

@: berserk cooldown, slowed, very slow
A: distributed training, fangs 3, horns 1, talons 1, clumsy 1, dopey 1, low mp
1, screaming 1, MP-powered wands, strong nose
a: Berserk, Trog's Hand, Brothers in Arms, Burn Spellbooks, Renounce Religion


You were on level 15 of the Dungeon.
You worshipped Trog.
Trog was extremely pleased with you.
You were very hungry.

You visited 2 branches of the dungeon, and saw 21 of its levels.
You also visited: Ice Cave.

You collected 1567 gold pieces.
You spent 849 gold pieces at shops.

Inventory:

Hand Weapons
 a - the +8 whip "Snakebite" {curare, rPois}
   (You found it on level 6 of the Dungeon)

   It poisons the flesh of those it strikes.
   It protects you from poison.
 b - a +5 war axe of freezing (weapon)
 e - a +1 trident of venom
 w - the +10 flail "Miak" {holy, +Blink rC+++ Str-3 Dex-4}
   (You found it on level 10 of the Dungeon)

   It has been blessed by the Shining One to cause great damage to the undead
   and demons.
   It affects your strength (-3).
   It affects your dexterity (-4).
   It renders you almost immune to cold.
   It lets you blink.
Armour
 c - a +0 shield (worn)
 l - a +0 hat (worn)
 q - the +6 scale mail "Sikkaam" (worn) {rElec rCorr Slay+5}
   (You found it on level 13 of the Dungeon)

   It affects your accuracy and damage with ranged weapons and melee attacks
   (+5).
   It insulates you from electricity.
   It protects you from acid and corrosion.
 s - a +0 chain mail of fire resistance
 A - a +1 cloak (worn)
 B - a +0 helmet
 J - a +0 pair of gloves (worn)
 S - the +2 pair of boots of the Scribe (worn) {Str+6 Dex+4}
   (You found it on level 12 of the Dungeon)

   It affects your strength (+6).
   It affects your dexterity (+4).
Jewellery
 m - a ring of protection from fire (left hand) {!d}
 y - an amulet of regeneration (around neck)
 H - a +5 ring of strength (right hand)
Wands
 z - a wand of clouds (5/9)
 D - a wand of acid (9/15)
 M - a wand of lightning (9/15)
 O - a wand of digging (16/24)
 W - a wand of paralysis (13/24)
Scrolls
 g - 13 scrolls of teleportation
 h - 4 scrolls of fog
 o - 6 scrolls of identify
 v - 3 scrolls of recharging
 E - 4 scrolls of magic mapping {!r}
 I - a scroll of holy word
 N - 4 scrolls of remove curse
 Q - 2 scrolls of blinking
 T - a scroll of fear
 U - 2 scrolls of enchant weapon
Potions
 d - 4 potions of might
 j - 4 potions of cancellation
 k - 11 potions of curing
 n - 2 potions of brilliance
 p - 4 potions of heal wounds
 r - 3 potions of haste
 t - a potion of berserk rage {!q}
 u - a potion of invisibility
 x - 7 potions of flight
 C - a potion of mutation {!q}
 G - a potion of ambrosia {!q}
 L - 3 potions of resistance
Comestibles
 f - 13 bread rations
 i - 14 meat rations
 F - 21 royal jellies
 K - 2 fruits
 P - 6 chunks of flesh


   Skills:
 + Level 12.0 Fighting
 + Level 10.4 Short Blades
 + Level 10.4 Long Blades
 + Level 10.4 Axes
 + Level 11.2 Maces & Flails
 + Level 10.4 Polearms
 + Level 10.4 Staves
 + Level 10.4 Slings
 + Level 10.4 Bows
 + Level 10.4 Crossbows
 + Level 10.4 Throwing
 + Level 12.0 Armour
 + Level 10.4 Dodging
 + Level 10.4 Stealth
 + Level 12.0 Shields
 + Level 10.4 Unarmed Combat
 + Level 10.4 Spellcasting
 + Level 8.8 Conjurations
 + Level 8.8 Hexes
 + Level 8.8 Charms
 + Level 8.8 Summonings
 + Level 8.8 Necromancy
 + Level 8.8 Translocations
 + Level 8.8 Transmutations
 + Level 8.8 Fire Magic
 + Level 8.8 Ice Magic
 + Level 8.8 Air Magic
 + Level 8.8 Earth Magic
 + Level 8.8 Poison Magic
 + Level 11.2 Invocations
 + Level 10.4 Evocations


You had 35 spell levels left.
You didn't know any spells.

Dungeon Overview and Level Annotations

Branches:
Dungeon (15/15)            Temple (0/1) D:4            Lair (6/6) D:9
 Shoals (0/4) Lair:4       Spider (0/4) Lair:4        Slime (0/5) Lair:5
    Orc (0/2) D:12         Vaults (0/5) D:14         Depths (0/5) D:15

Altars:
Dithmenos
Gozag
Makhleb
Nemelex Xobeh
Ru
Trog
Uskayaw
The Shining One

Shops:
D:4 *   D:8 *[   D:11 [   D:12 [   D:13 }   D:14 (*(}

Portals:
Hell: Lair:6


Innate Abilities, Weirdness & Mutations

Your experience applies equally to all skills.
You have razor-sharp teeth.
Your uncanny sense of smell can sniff out nearby items.
You have a pair of small horns on your head.
You have sharp toenails.
You are clumsy. (Dex -2)
You are dopey. (Int -2)
Your magical capacity is low. (-10% MP)
You occasionally shout uncontrollably at your foes.
You expend magic power (3 MP) to strengthen your wands.


Message History

The five-headed hydra is almost dead.
You thrash the five-headed hydra!!
You kill the five-headed hydra!
Trog accepts your kill.
A centaur warrior simulacrum comes into view.
The tengu reaver shouts!
You completely miss the tengu reaver.
You bark at the tengu reaver!
An ogre mage and a tengu reaver come into view.
The tengu reaver is wielding a war axe of venom.
You bark at the ogre mage!
You whack the tengu reaver!
The tengu reaver is poisoned.
You headbutt the tengu reaver!! Your bite misses the tengu reaver.
The tengu reaver is heavily wounded.
The tengu reaver hits you but does no damage.
The tengu reaver barely misses you. You block the tengu reaver's attack.
A necromancer and a skeleton come into view.
You bark at the centaur warrior skeleton!
You miss the tengu reaver.
The tengu reaver is heavily wounded.
The tengu reaver gestures wildly while chanting.
The ogre mage casts a spell.
The ogre mage flickers and vanishes!
Deactivating autopickup; reactivate with Ctrl-A.
Unknown command.
You thrash the tengu reaver!! You headbutt the tengu reaver!
Your bite misses the tengu reaver.
The tengu reaver is severely wounded.
You barely miss the tengu reaver.
The tengu reaver is severely wounded.
The tengu reaver hits you but does no damage.
The tengu reaver pecks you but does no damage.
The tengu reaver completely misses you.
The tengu reaver moves out of view.
A battlesphere comes into view.
You thrash the tengu reaver!!
You kill the tengu reaver!
Trog accepts your kill.
Trog appreciates your killing of a magic user.
Something closely misses you.
Things that are here:
an uncursed shortbow; 15 arrows; a fire dragon corpse You feel a strong urge to attack something.
You are no longer berserk.
You are exhausted.
You feel yourself slow down.
Things that are here:
a war axe; a chain mail; a manticore corpse You now have 57/127 hp.
Unknown command.
Unknown command.
As you read the scroll of teleportation, it crumbles to dust.
You feel strangely unstable.
You are feeling very hungry.
Your surroundings suddenly seem different.
A meliai comes into view. It is wielding a hand axe.
The meliai buzzes angrily.
A meliai comes into view. It is wielding a hand axe.
The meliai buzzes angrily.
The meliai barely misses you. You block the meliai's attack. x2
The meliai misses you. The meliai hits you but does no damage.
The meliai stings you!
* * * LOW HITPOINT WARNING * * *
The meliai barely misses you. The meliai stings you.
* * * LOW HITPOINT WARNING * * *
A meliai comes into view. It is wielding a hand axe.
The meliai buzzes angrily.
You hear a shout!
A centaur warrior skeleton comes into view.
You take 10 damage, and have 48/127 hp.
Unknown command.
The +8 whip "Snakebite" {curare, rPois} stops dripping with poison.
Your +5 war axe of freezing glows with a cold blue light!
b - a +5 war axe of freezing (weapon)
You block the meliai's attack. The meliai completely misses you.
The meliai misses you.
The meliai stings you but does no damage.
You block the meliai's attack. The meliai misses you.
The meliai mumbles some strange prayers to its god against you.
Something smites you!
* * * LOW HITPOINT WARNING * * *
The meliai calls down the wrath of its god upon you.
Something smites you!
* * * LOW HITPOINT WARNING * * *
You take 20 damage, and have 28/127 hp.
Unknown command.
You completely miss the meliai. You headbutt the meliai.
The meliai is moderately wounded.
You hit the meliai. You freeze the meliai. You closely miss the meliai.
You block the meliai's attack. x2
The meliai invokes the aid of its god against you.
Something smites you!
* * * LOW HITPOINT WARNING * * *
The meliai misses you. The meliai closely misses you.
You block the meliai's attack.
The meliai stings you but does no damage.
The meliai mumbles some strange prayers to its god against you.
Something smites you!
* * * LOW HITPOINT WARNING * * *
The meliai mumbles some strange prayers to its god against you.
Something smites you!
You die...

#....#
#....#
#....#
#....#
#....#
#....#
...##..yy#
.....Zy@.#
.........#
.........#
.........#
##########


You could see 3 meliai and a centaur warrior skeleton.

Vanquished Creatures
  A tengu reaver (D:15)
  A vampire knight (D:15)
  A dire elephant (Lair:6)
  A fire dragon (D:15)
  9 hydras
  2 vault guards (D:14)
  4 two-headed ogres
  5 centaur warriors
  3 death yaks (Lair:6)
  A vampire mage (D:15)
  A sun demon (Lair:6)
  7 skeletal warriors
  2 unseen horrors
  4 wizards
  An orc knight (D:14)
  A lindwurm (Lair:3)
  A fire giant zombie (D:15)
  2 necromancers
  13 ugly things
  4 manticores
  2 deep elf magi (D:14)
  A cyclops (D:12)
  5 black mambas
  An orange demon (Lair:6)
  A torpor snail (Lair:4)
  Joseph (D:7)
  16 spiny frogs
  3 gargoyles
  5 elephants (Lair:6)
  A kobold demonologist (D:11)
  An ice statue (IceCv)
  7 komodo dragons
  5 rime drakes
  A freezing wraith (D:14)
  The ghost of Nuz the Cutter, a novice KoBe of Trog (D:4)
  A queen bee (Lair:1)
  A hellwing (Lair:6)
  A tengu conjurer (D:13)
  6 ice devils
  6 trolls
  3 hornets (Lair:3)
  4 polar bears
  Prince Ribbit (D:9)
  8 dream sheep (Lair:6)
  9 slime creatures
  A fire dragon zombie (D:15)
  10 blink frogs
  8 hippogriffs
  An elf zombie (D:15)
  A spriggan skeleton (D:15)
  3 wyverns
  3 vampires (D:14)
  55 yaks
  The ghost of tof the Slasher, an amateur MiMo (D:6)
  4 hogs (D:8)
  4 basilisks
  A shadow (D:14)
  7 hungry ghosts
  19 humans
  A steam dragon (D:11)
  Edmund (D:4)
  A warg (D:14)
  3 acid dragons
  10 water moccasins
  4 hell hounds (Lair:6)
  Duvessa (D:4)
  9 porcupines
  2 black bears
  11 orc warriors
  11 ice beasts
  6 sky beasts
  An eye of draining (D:14)
  6 ogres
  3 phantoms
  2 necrophages
  14 centaurs
  18 crocodiles
  3 big kobolds
  16 bullfrogs
  2 wyvern zombies
  A gnoll sergeant (D:12)
  Dowan (D:4)
  2 scorpions
  42 killer bees
  14 wights
  4 howler monkeys
  2 electric eels
  6 crimson imps
  2 centaur zombies
  6 jellies
  2 quasits
  3 bullfrog skeletons
  9 orc priests
  Crazy Yiuf (D:6)
  9 hounds
  5 centaur skeletons
  A gnoll shaman (D:7)
  16 orc wizards
  4 iguanas
  Natasha (twice) (D:4)
  9 hell rats
  11 worker ants
  A hound zombie (D:8)
  A hound skeleton (D:9)
  11 gnolls
  9 adders
  8 river rats (Lair:2)
  3 shadow imps
  A worm (D:2)
  A dart slug (D:4)
  6 leopard geckos
  62 orcs
  2 giant cockroaches
  7 goblins
  8 hobgoblins
  10 jackals
  3 quokkas
  3 ball pythons
  5 bats
  2 frilled lizards
  16 kobolds
  4 rats
  7 fungi
  2 plants
722 creatures vanquished.

Vanquished Creatures (collateral kills)
  A red devil (Lair:6)
1 creature vanquished.

Vanquished Creatures (others)
  A slime creature (D:15)
  A bush (Lair:2)
  12 fungi
  33 plants
47 creatures vanquished.

Grand Total: 770 creatures vanquished

Notes
Turn   | Place    | Note
-------+----------+-------------------------------------------
     0 | D:1      | Monsterracer the Gnoll Fighter began the quest for the Orb.
     0 | D:1      | Reached XP level 1. HP: 23/23 MP: 1/1
   377 | D:1      | Reached XP level 2. HP: 29/29 MP: 2/2
   738 | D:2      | Reached XP level 3. HP: 35/35 MP: 3/3
   850 | D:2      | Found a sparkling altar of Nemelex Xobeh.
   947 | D:2      | Found a glowing golden altar of the Shining One.
  1171 | D:2      | Reached skill level 1 in Invocations
  1491 | D:3      | Reached skill level 1 in Short Blades
  1491 | D:3      | Reached skill level 1 in Long Blades
  1491 | D:3      | Reached skill level 1 in Axes
  1491 | D:3      | Reached skill level 1 in Polearms
  1491 | D:3      | Reached skill level 1 in Staves
  1491 | D:3      | Reached skill level 1 in Slings
  1491 | D:3      | Reached skill level 1 in Bows
  1491 | D:3      | Reached skill level 1 in Crossbows
  1491 | D:3      | Reached skill level 1 in Throwing
  1491 | D:3      | Reached skill level 1 in Dodging
  1491 | D:3      | Reached skill level 1 in Stealth
  1491 | D:3      | Reached skill level 1 in Unarmed Combat
  1491 | D:3      | Reached skill level 1 in Spellcasting
  1491 | D:3      | Reached skill level 1 in Evocations
  1495 | D:3      | Reached XP level 4. HP: 41/41 MP: 5/5
  1575 | D:3      | Reached skill level 1 in Conjurations
  1575 | D:3      | Reached skill level 1 in Hexes
  1575 | D:3      | Reached skill level 1 in Charms
  1575 | D:3      | Reached skill level 1 in Summonings
  1575 | D:3      | Reached skill level 1 in Necromancy
  1575 | D:3      | Reached skill level 1 in Translocations
  1575 | D:3      | Reached skill level 1 in Transmutations
  1575 | D:3      | Reached skill level 1 in Fire Magic
  1575 | D:3      | Reached skill level 1 in Ice Magic
  1575 | D:3      | Reached skill level 1 in Air Magic
  1575 | D:3      | Reached skill level 1 in Earth Magic
  1575 | D:3      | Reached skill level 1 in Poison Magic
  1649 | D:3      | Noticed an ice beast
  1658 | D:3      | Killed an ice beast
  1658 | D:3      | Reached XP level 5. HP: 39/47 MP: 5/7
  1881 | D:3      | Reached XP level 6. HP: 36/53 MP: 8/8
  2017 | D:3      | Found a faded altar of an unknown god.
  2076 | D:3      | Became a worshipper of Trog the Wrathful
  2076 | D:3      | Reached * piety under Trog
  2108 | D:3      | Reached skill level 5 in Maces & Flails
  2367 | D:4      | Noticed a phantom
  2403 | D:4      | Killed a phantom
  2426 | D:4      | Noticed Edmund
  2446 | D:4      | Killed Edmund
  2446 | D:4      | Reached XP level 7. HP: 60/60 MP: 10/10
  2548 | D:4      | Noticed Natasha
  2560 | D:4      | Killed Natasha
  2678 | D:4      | Found a shadowy altar of Dithmenos.
  2768 | D:4      | Found Oveolata's Assorted Antiques.
  2776 | D:4      | Bought a scroll labeled FEGANY VILOWK for 29 gold pieces
  2800 | D:4      | Noticed Nuz's ghost (novice KoBe)
  2808 | D:4      | Noticed Duvessa
  2812 | D:4      | Killed Nuz's ghost
  2812 | D:4      | Reached XP level 8. HP: 67/67 MP: 12/12
  2813 | D:4      | Noticed Dowan
  2818 | D:4      | Killed Duvessa
  2827 | D:4      | Killed Dowan
  3074 | D:4      | Noticed Natasha
  3083 | D:4      | Killed Natasha
  3083 | D:4      | Reached ** piety under Trog
  3159 | D:4      | Found a staircase to the Ecumenical Temple.
  3221 | D:4      | Found a sacrificial altar of Ru.
  3221 | D:4      | Found an opulent altar of Gozag.
  3222 | D:4      | Found a hide-covered altar of Uskayaw.
  3296 | D:5      | Entered Level 5 of the Dungeon
  4208 | D:6      | Gained mutation: You have a pair of small horns on your head. [mutagenic meat]
  4210 | D:6      | Gained mutation: You occasionally shout uncontrollably at your foes. [mutagenic meat]
  4211 | D:6      | Gained mutation: You have extremely sharp teeth. [mutagenic meat]
  4212 | D:6      | Gained mutation: You expend magic power (3 MP) to strengthen your wands. [mutagenic meat]
  4229 | D:6      | Noticed a wyvern
  4241 | D:6      | Killed a wyvern
  4241 | D:6      | Reached XP level 9. HP: 72/72 MP: 14/14
  4325 | D:6      | Noticed tof's ghost (amateur MiMo)
  4331 | D:6      | Killed tof's ghost
  4644 | D:6      | Found a runed door.
  4648 | D:6      | Noticed Crazy Yiuf
  4649 | D:6      | Found the +8 whip "Snakebite" {curare, rPois}
  4653 | D:6      | Killed Crazy Yiuf
  5007 | D:7      | Reached *** piety under Trog
  5420 | D:7      | Reached skill level 5 in Invocations
  5437 | D:7      | Gained mutation: Scrolls take you a little longer to read. [mutagenic meat]
  5438 | D:7      | Gained mutation: You are clumsy. (Dex -2) [mutagenic meat]
  5545 | D:7      | Noticed Joseph
  5564 | D:7      | Killed Joseph
  5564 | D:7      | Reached XP level 10. HP: 75/80 MP: 17/17
  6059 | D:8      | Noticed a two-headed ogre
  6067 | D:8      | Killed a two-headed ogre
  6067 | D:8      | Reached skill level 5 in Short Blades
  6067 | D:8      | Reached skill level 5 in Long Blades
  6067 | D:8      | Reached skill level 5 in Axes
  6067 | D:8      | Reached skill level 5 in Polearms
  6067 | D:8      | Reached skill level 5 in Staves
  6067 | D:8      | Reached skill level 5 in Slings
  6067 | D:8      | Reached skill level 5 in Bows
  6067 | D:8      | Reached skill level 5 in Crossbows
  6067 | D:8      | Reached skill level 5 in Throwing
  6067 | D:8      | Reached skill level 5 in Dodging
  6067 | D:8      | Reached skill level 5 in Stealth
  6067 | D:8      | Reached skill level 5 in Unarmed Combat
  6067 | D:8      | Reached skill level 5 in Spellcasting
  6067 | D:8      | Reached skill level 5 in Evocations
  6144 | D:8      | Found Caycoone's Armour Shoppe.
  6200 | D:8      | HP: 39/82 [orc priest/divine providence (14)]
  6212 | D:8      | Found Ebeosaok's General Store.
  6331 | D:8      | Reached **** piety under Trog
  6997 | D:8      | Reached XP level 11. HP: 83/87 MP: 19/19
  7114 | D:8      | Bought a +0 pair of boots of running for 409 gold pieces
  7211 | D:9      | Gained mutation: Your magical capacity is low. (-10% MP) [mutagenic meat]
  7212 | D:9      | Gained mutation: You are dopey. (Int -2) [mutagenic meat]
  7214 | D:9      | Lost mutation: Scrolls take you a little longer to read. [mutagenic meat]
  7216 | D:9      | Gained mutation: You have sharp toenails. [mutagenic meat]
  7279 | D:9      | Noticed Prince Ribbit
  7295 | D:9      | Killed Prince Ribbit
  7379 | D:9      | Received a gift from Trog
  7426 | D:9      | Got a bone shortbow
  7432 | D:9      | Identified the cursed +3 shortbow of a bazaar {freeze, +Fly Str+3 Dex-5 SInv} (You found it on level 9 of the Dungeon)
  7613 | D:9      | Reached skill level 5 in Conjurations
  7613 | D:9      | Reached skill level 5 in Hexes
  7613 | D:9      | Reached skill level 5 in Charms
  7613 | D:9      | Reached skill level 5 in Summonings
  7613 | D:9      | Reached skill level 5 in Necromancy
  7613 | D:9      | Reached skill level 5 in Translocations
  7613 | D:9      | Reached skill level 5 in Transmutations
  7613 | D:9      | Reached skill level 5 in Fire Magic
  7613 | D:9      | Reached skill level 5 in Ice Magic
  7613 | D:9      | Reached skill level 5 in Air Magic
  7613 | D:9      | Reached skill level 5 in Earth Magic
  7613 | D:9      | Reached skill level 5 in Poison Magic
  8057 | D:9      | Found a staircase to the Lair.
  8511 | Lair:1   | Entered Level 1 of the Lair of Beasts
  8533 | Lair:1   | Reached ***** piety under Trog
  9170 | Lair:1   | HP: 43/89 [poisoned by a killer bee]
  9175 | Lair:1   | HP: 39/89 [poisoned by a killer bee]
  9180 | Lair:1   | HP: 35/89 [poisoned by a killer bee]
  9185 | Lair:1   | HP: 35/133 [poisoned by a killer bee]
  9190 | Lair:1   | Reached XP level 12. HP: 34/96 MP: 19/19
  9190 | Lair:1   | HP: 34/216 [poisoned by a killer bee]
  9194 | Lair:1   | Received a gift from Trog
  9196 | Lair:1   | HP: 35/216 [poisoned by a killer bee]
  9201 | Lair:1   | HP: 26/144 [poisoned by a killer bee]
  9206 | Lair:1   | HP: 29/144 [poisoned by a killer bee]
  9211 | Lair:1   | HP: 22/96 [poisoned by a killer bee]
  9669 | Lair:2   | Got a dazzling chain mail
  9696 | Lair:2   | Identified the cursed +1 chain mail "Ceton" {Dex+4} (You found it on level 2 of the Lair of Beasts)
 10629 | Lair:3   | Noticed a four-headed hydra
 10642 | Lair:3   | Killed a four-headed hydra
 10826 | Lair:3   | Noticed a four-headed hydra
 10836 | Lair:3   | Killed a four-headed hydra
 10965 | Lair:3   | Received a gift from Trog
 10979 | Lair:3   | Reached skill level 10 in Fighting
 10979 | Lair:3   | Reached skill level 10 in Armour
 10979 | Lair:3   | Reached skill level 10 in Shields
 11130 | Lair:3   | Noticed an eight-headed hydra
 11134 | Lair:3   | Killed an eight-headed hydra
 11554 | Lair:4   | Noticed a four-headed hydra
 11565 | Lair:4   | Killed a four-headed hydra
 11565 | Lair:4   | Reached XP level 13. HP: 99/103 MP: 22/22
 11790 | Lair:4   | Found a staircase to the Shoals.
 12079 | Lair:4   | Found a hole to the Spider Nest.
 12230 | Lair:4   | Found a runed door.
 13058 | Lair:5   | Found a staircase to the Slime Pits.
 13484 | Lair:6   | Entered Level 6 of the Lair of Beasts
 13522 | Lair:6   | Received a gift from Trog
 14050 | Lair:6   | Reached XP level 14. HP: 111/111 MP: 24/24
 14220 | Lair:6   | Noticed a dire elephant
 14232 | Lair:6   | Killed a dire elephant
 14389 | Lair:6   | Reached skill level 10 in Maces & Flails
 14391 | Lair:6   | Found a burning altar of Makhleb.
 14430 | Lair:6   | HP: 55/111 [poisoned by an orange demon]
 14436 | Lair:6   | HP: 52/113 [poisoned by an orange demon]
 14445 | Lair:6   | HP: 55/113 [poisoned by an orange demon]
 14554 | Lair:6   | Found a gateway to Hell.
 15051 | D:10     | Entered Level 10 of the Dungeon
 15085 | D:10     | Got a warped flail
 15086 | D:10     | Identified the +10 flail "Miak" {holy, +Blink rC+++ Str-3 Dex-4} (You found it on level 10 of the Dungeon)
 15362 | D:10     | Received a gift from Trog
 15931 | D:10     | Reached skill level 10 in Invocations
 16034 | D:11     | HP: 52/113 [five-headed hydra (7)]
 16411 | D:11     | Found a frozen archway.
 16433 | IceCv    | Entered an ice cave
 16435 | IceCv    | Found a transporter.
 16473 | IceCv    | Got a pitted chain mail
 16474 | IceCv    | Identified the cursed +1 chain mail "Hang" {Regen+ rCorr MP+9} (You found it in an ice cave)
 16503 | IceCv    | HP: 81/169 [white ugly thing (8)]
 16506 | IceCv    | HP: 39/169 [ice statue/shard of ice (27)]
 16509 | IceCv    | HP: 11/169 [white ugly thing (14)]
 16820 | D:11     | Received a gift from Trog
 16895 | D:11     | Found Ibyoripn's Antique Armour Shop.
 16901 | D:11     | Bought a pair of dazzling boots for 294 gold pieces
 16901 | D:11     | Identified the +1 pair of boots "Kotwoize" {Str+10 Dex+4} (You bought it in a shop on level 11 of the Dungeon)
 17706 | D:12     | Got a pair of twisted boots
 17707 | D:12     | Identified the +2 pair of boots of the Scribe {Str+6 Dex+4} (You found it on level 12 of the Dungeon)
 17718 | D:12     | Reached XP level 15. HP: 119/119 MP: 25/25
 17774 | D:12     | Found Muto's Armour Shop.
 17775 | D:12     | Found a staircase to the Orcish Mines.
 18075 | D:13     | Found Qyth's Gadget Shop.
 18385 | D:13     | Got a slimy scale mail
 18394 | D:13     | Identified the +6 scale mail "Sikkaam" {rElec rCorr Slay+5} (You found it on level 13 of the Dungeon)
 18981 | D:14     | Found Wuygolul's Antique Weapon Boutique.
 19068 | D:14     | Received a gift from Trog
 19113 | D:14     | Found Jastis's General Store.
 19116 | D:14     | Bought a scroll of teleportation for 39 gold pieces
 19116 | D:14     | Bought a scroll of teleportation for 39 gold pieces
 19116 | D:14     | Bought a scroll of teleportation for 39 gold pieces
 19208 | D:14     | Found Motropiv's Antique Weapon Shoppe.
 19304 | D:14     | Paralysed by a wizard for 5 turns
 19335 | D:14     | Found a gate to the Vaults.
 19337 | D:14     | Reached skill level 10 in Short Blades
 19337 | D:14     | Reached skill level 10 in Long Blades
 19337 | D:14     | Reached skill level 10 in Axes
 19337 | D:14     | Reached skill level 10 in Polearms
 19337 | D:14     | Reached skill level 10 in Staves
 19337 | D:14     | Reached skill level 10 in Slings
 19337 | D:14     | Reached skill level 10 in Bows
 19337 | D:14     | Reached skill level 10 in Crossbows
 19337 | D:14     | Reached skill level 10 in Throwing
 19337 | D:14     | Reached skill level 10 in Dodging
 19337 | D:14     | Reached skill level 10 in Stealth
 19337 | D:14     | Reached skill level 10 in Unarmed Combat
 19337 | D:14     | Reached skill level 10 in Spellcasting
 19337 | D:14     | Reached skill level 10 in Evocations
 19351 | D:14     | HP: 58/180 [??? (55)]
 19352 | D:14     | Received a gift from Trog
 19355 | D:14     | HP: 18/180 [vault guard simulacrum[a necromancer] (19)]
 19851 | D:14     | Found Lezutao's Gadget Boutique.
 20016 | D:15     | Entered Level 15 of the Dungeon
 20166 | D:15     | Found a staircase to the Depths.
 20244 | D:15     | Gained mutation: You have razor-sharp teeth. [mutagenic meat]
 20339 | D:15     | HP: 60/120 [vampire knight/war axe (28)]
 20342 | D:15     | Reached XP level 16. HP: 61/127 MP: 27/27
 20355 | D:15     | Noticed a tengu reaver
 20366 | D:15     | Noticed a tengu reaver
 20370 | D:15     | Killed a tengu reaver
 20374 | D:15     | HP: 50/127 [meliai/hand axe (9)]
 20376 | D:15     | HP: 14/127 [meliai/divine providence (15)]
 20376 | D:15     | HP: 4/127 [meliai/divine providence (10)]
 20376 | D:15     | Killed from afar by a meliai

Vault maps used:
D:1:      zelgadis_glass_arrival_small, hangedman_decor_points
D:2:      nemelex_altar_shiori, fountainhead, serial_park_tiny_2,
          nicolae_tso_carved_into_rock
D:3:      chequers_ecumenical_altar_twisty, serial_park_tiny_1,
          minmay_misc_feat_roman
D:4:      gammafunk_temple_overflow_claw, minmay_temple_entry_poolview,
          first_bread, serial_shops, shop, minmay_gold_behind_fungi,
          nicolae_dithmenos_the_darkroom, uniq_edmund, uniq_natasha,
          uniq_duvessa
D:6:      kennysheep_generic_room_5, uniq_crazy_yiuf_cottage
D:7:      uniq_joseph
D:8:      serial_shops, shop_fountains, nicolae_shop_statue_plus,
          grunt_livestock, minmay_misc_feat_enclosed, grunt_ministairs_7
D:9:      grunt_lair_entry_orc_guard_hut, uniq_prince_ribbit1
D:11:     serial_shops, shop, portal_ice_cave_demonic_guard
D:12:     orc_david_3
D:13:     serial_shops, kennysheep_mini
D:14:     grunt_vaults_entry_tiered, minmay_misc_feat_ornament, serial_shops,
          shop, kennysheep_mini_moat, nicolae_shop_crystal, shop_fountains,
          abandoned_shop, hangedman_decor_riveting
D:15:     gammafunk_depths_entry_grave, serial_shops, shop,
          minmay_checkered_concentric_circles
Lair:1:   special_room, hibernation_bobbens, grunt_megastairs_1
Lair:2:   kennysheep_rathole
Lair:3:   cheibrodos_lair_overgrown_chateau, lemuel_fruit_fields,
          serial_bayou_shore_a
Lair:4:   minmay_shoals_entry_beasts, dummy_spider_entry, pf_torpor_hydra
Lair:5:   slime_dummy, grunt_megastairs_3
Lair:6:   evil_forest
IceCv:    ice_cave_statue_garden_teleport

Skill      XL: |  1  2  3  4  5  6  7  8  9 10 11 12 13 14 15 |
---------------+----------------------------------------------+-----
Invocations    | 1 2 3 4 5 6 7 8 9 10 11 | 11.2
Short Blades   | 1 2 3 4 5 6 7 8 9 10 | 10.4
Long Blades    | 1 2 3 4 5 6 7 8 9 10 | 10.4
Axes           | 1 2 3 4 5 6 7 8 9 10 | 10.4
Polearms       | 1 2 3 4 5 6 7 8 9 10 | 10.4
Staves         | 1 2 3 4 5 6 7 8 9 10 | 10.4
Slings         | 1 2 3 4 5 6 7 8 9 10 | 10.4
Bows           | 1 2 3 4 5 6 7 8 9 10 | 10.4
Crossbows      | 1 2 3 4 5 6 7 8 9 10 | 10.4
Throwing       | 1 2 3 4 5 6 7 8 9 10 | 10.4
Dodging        | 1 2 3 4 5 6 7 8 9 10 | 10.4
Stealth        | 1 2 3 4 5 6 7 8 9 10 | 10.4
Unarmed Combat | 1 2 3 4 5 6 7 8 9 10 | 10.4
Spellcasting   | 1 2 3 4 5 6 7 8 9 10 | 10.4
Evocations     | 1 2 3 4 5 6 7 8 9 10 | 10.4
Conjurations   | 1 2 3 4 5 6 7 8 |  8.8
Hexes          | 1 2 3 4 5 6 7 8 |  8.8
Charms         | 1 2 3 4 5 6 7 8 |  8.8
Summonings     | 1 2 3 4 5 6 7 8 |  8.8
Necromancy     | 1 2 3 4 5 6 7 8 |  8.8
Translocations | 1 2 3 4 5 6 7 8 |  8.8
Transmutations | 1 2 3 4 5 6 7 8 |  8.8
Fire Magic     | 1 2 3 4 5 6 7 8 |  8.8
Ice Magic      | 1 2 3 4 5 6 7 8 |  8.8
Air Magic      | 1 2 3 4 5 6 7 8 |  8.8
Earth Magic    | 1 2 3 4 5 6 7 8 |  8.8
Poison Magic   | 1 2 3 4 5 6 7 8 |  8.8
Maces & Flails | 5 6 7 8 9 10 11 | 11.2
Fighting       | 7 8 9 10 11 12 | 12.0
Armour         | 7 8 9 10 11 12 | 12.0
Shields        | 7 8 9 10 11 12 | 12.0

Action                   |  1- 3 |  4- 6 |  7- 9 | 10-12 | 13-15 | 16-18 || total
-------------------------+-------+-------+-------+-------+-------+-------++-------
Melee: Flail             |    95 |   147 |     2 |       |    82 |       ||   326
       Bite              |    11 |    15 |    44 |    65 |   204 |     5 ||   344
       Falchion          |       |     4 |    24 |    57 |    16 |       ||   101
       Mace              |       |       |    58 |       |       |       ||    58
       Whip              |       |       |   253 |   459 |   589 |    16 ||  1317
       Headbutt          |       |       |    26 |   132 |   339 |     6 ||   503
       War axe           |       |       |       |    67 |   368 |     1 ||   436
       Kick              |       |       |       |       |     1 |       ||     1
 Fire: Hand crossbow     |       |       |       |     3 |       |       ||     3
Invok: Berserk           |       |     1 |     5 |     7 |    14 |     1 ||    28
       Brothers in Arms  |       |       |       |       |     1 |       ||     1
       Trog's Hand       |       |       |       |       |     1 |       ||     1
Evoke: Wand              |       |       |       |       |     1 |       ||     1
  Use: Scroll            |     1 |    12 |     8 |    11 |    12 |     1 ||    45
       Potion            |       |       |       |     1 |       |       ||     1
 Stab: Sleeping          |       |       |       |       |     6 |       ||     6
       Distracted        |       |       |       |       |     1 |       ||     1
  Eat: Chunk             |     2 |     3 |    22 |    29 |    44 |       ||   100
       Fruit             |       |       |     1 |     5 |     4 |       ||    10
       Royal jelly       |       |       |       |     1 |       |       ||     1
Armor: Scale mail        |    20 |       |       |       |    61 |    10 ||    91
       Plate armour      |    38 |    71 |   158 |   181 |       |       ||   448
       Skin              |       |       |       |    42 |       |       ||    42
       Chain mail        |       |       |       |    50 |   279 |       ||   329
Dodge: Dodged            |    17 |    25 |    82 |   169 |   433 |    15 ||   741
Block: Shield            |    49 |    79 |   151 |   314 |   661 |    11 ||  1265
       Rpst.: Falchion   |       |     2 |       |     4 |     2 |       ||     8

Table legend:
 A = Spawn XP
 B = Non-spawn XP
 C = Spawn XP percentage of total XP
 D = Spawn monster count
 E = Non-spawn monster count
 F = Spawn count percentage of total count
 G = Total turns spent on level
                    A         B        C        D         E        F      G
               +---------+---------+-------+---------+---------+-------+---------
         Total |       0 |  134485 |   0.0 |       0 |     714 |   0.0 | 20376
               +---------+---------+-------+---------+---------+-------+---------
           D:1 |       0 |      19 |   0.0 |       0 |       9 |   0.0 |   688
           D:2 |       0 |      50 |   0.0 |       0 |      16 |   0.0 |   801
           D:3 |       0 |     394 |   0.0 |       0 |      38 |   0.0 |   939
           D:4 |       0 |    1393 |   0.0 |       0 |      27 |   0.0 |   980
           D:5 |       0 |     312 |   0.0 |       0 |      10 |   0.0 |   887
           D:6 |       0 |     880 |   0.0 |       0 |      10 |   0.0 |   672
           D:7 |       0 |    2459 |   0.0 |       0 |      33 |   0.0 |  1346
           D:8 |       0 |    3775 |   0.0 |       0 |      48 |   0.0 |  1107
           D:9 |       0 |    3163 |   0.0 |       0 |      40 |   0.0 |  1131
          D:10 |       0 |    5292 |   0.0 |       0 |      38 |   0.0 |   931
          D:11 |       0 |    8861 |   0.0 |       0 |      55 |   0.0 |  1119
          D:12 |       0 |    5689 |   0.0 |       0 |      40 |   0.0 |   841
          D:13 |       0 |   12592 |   0.0 |       0 |      42 |   0.0 |   796
          D:14 |       0 |   16365 |   0.0 |       0 |      54 |   0.0 |  1195
          D:15 |       0 |   17722 |   0.0 |       0 |      31 |   0.0 |   360
        Lair:1 |       0 |    6599 |   0.0 |       0 |      48 |   0.0 |  1071
        Lair:2 |       0 |    2067 |   0.0 |       0 |      18 |   0.0 |   774
        Lair:3 |       0 |   10009 |   0.0 |       0 |      35 |   0.0 |  1246
        Lair:4 |       0 |    6239 |   0.0 |       0 |      18 |   0.0 |  1057
        Lair:5 |       0 |    4888 |   0.0 |       0 |      29 |   0.0 |   897
        Lair:6 |       0 |   23990 |   0.0 |       0 |      67 |   0.0 |  1455
         IceCv |       0 |    1727 |   0.0 |       0 |       8 |   0.0 |    83
               +---------+---------+-------+---------+---------+-------+---------

Vault maps used:
D:1:      zelgadis_glass_arrival_small, hangedman_decor_points
D:2:      nemelex_altar_shiori, fountainhead, serial_park_tiny_2,
          nicolae_tso_carved_into_rock
D:3:      chequers_ecumenical_altar_twisty, serial_park_tiny_1,
          minmay_misc_feat_roman
D:4:      gammafunk_temple_overflow_claw, minmay_temple_entry_poolview,
          first_bread, serial_shops, shop, minmay_gold_behind_fungi,
          nicolae_dithmenos_the_darkroom, uniq_edmund, uniq_natasha,
          uniq_duvessa
D:6:      kennysheep_generic_room_5, uniq_crazy_yiuf_cottage
D:7:      uniq_joseph
D:8:      serial_shops, shop_fountains, nicolae_shop_statue_plus,
          grunt_livestock, minmay_misc_feat_enclosed, grunt_ministairs_7
D:9:      grunt_lair_entry_orc_guard_hut, uniq_prince_ribbit1
D:11:     serial_shops, shop, portal_ice_cave_demonic_guard
D:12:     orc_david_3
D:13:     serial_shops, kennysheep_mini
D:14:     grunt_vaults_entry_tiered, minmay_misc_feat_ornament, serial_shops,
          shop, kennysheep_mini_moat, nicolae_shop_crystal, shop_fountains,
          abandoned_shop, hangedman_decor_riveting
D:15:     gammafunk_depths_entry_grave, serial_shops, shop,
          minmay_checkered_concentric_circles
Lair:1:   special_room, hibernation_bobbens, grunt_megastairs_1
Lair:2:   kennysheep_rathole
Lair:3:   cheibrodos_lair_overgrown_chateau, lemuel_fruit_fields,
          serial_bayou_shore_a
Lair:4:   minmay_shoals_entry_beasts, dummy_spider_entry, pf_torpor_hydra
Lair:5:   slime_dummy, grunt_megastairs_3
Lair:6:   evil_forest
IceCv:    ice_cave_statue_garden_teleport
